 Dungeon Crawl Stone Soup version 0.20-a0-350-ga83eecc (webtiles) character file.

12 HAL9000 the Sneak (level 2, -1/13 HPs)
             Began as a Vine Stalker Enchanter on Dec 24, 2016.
             Slain by a kobold
             ... wielding a +2 whip of freezing
              (3 damage)
             ... on level 1 of the Dungeon.
             The game lasted 00:01:41 (489 turns).

HAL9000 the Sneak (Vine Stalker Enchanter)           Turns: 489, Time: 00:01:41

Health: -1/13      AC:  3    Str: 10    XL:     2   Next: 33%
Magic:  0/6        EV: 12    Int: 15    God:
Gold:   23         SH:  0    Dex: 14    Spells: 2/5 levels left

rFire  . . .     SeeInvis .     i - -3 dagger (curse)
rCold  . . .     Gourm    .     b - +1 robe
rNeg   . . .     Faith    .     (no shield)
rPois  .         Spirit   +     (no helmet)
rElec  .         Reflect  .     (no cloak)
rCorr  .         Harm     .     (no gloves)
MR     .....                    (no boots)
Stlth  ++........               (no amulet)
                                (no ring)
                                (no ring)

@: no status effects
A: fangs 2, magic shield, antimagic bite, no device heal 3, rot immunity
a: no special abilities


You were on level 1 of the Dungeon.
You were not hungry.

You visited 1 branch of the dungeon, and saw 1 of its levels.

You collected 23 gold pieces.

Inventory:

Hand Weapons
 a - a +1 dagger
 i - a cursed -3 dagger (weapon)
Armour
 b - a +1 robe (worn)
Jewellery
 m - a +4 amulet of reflection {unknown}
Scrolls
 k - a scroll of remove curse {unknown}
 l - a scroll of amnesia {unknown}
Potions
 e - a potion of curing {unknown}
 j - a potion of brilliance {unknown}
Books
 c - a book of Maledictions

   Spells                             Type                      Level
   a - Corona                         Hexes                        1
   b - Ensorcelled Hibernation        Hexes/Ice                    2
   c - Confuse                        Hexes                        3
   d - Tukima's Dance                 Hexes                        3
   e - Dazzling Spray                 Conjuration/Hexes            3
Comestibles
 d - 3 bread rations
 h - a meat ration


   Skills:
 + Level 1.4 Short Blades
 - Level 1.5 Dodging
 - Level 3.6 Stealth
 - Level 2.1 Spellcasting
 * Level 3.4 Hexes


You had 2 spell levels left.
You knew the following spells:

 Your Spells              Type           Power        Failure   Level  Hunger
a - Corona                Hex            ##.....      8%          1    #......
z - Ensorcelled Hibernat  Hex/Ice        #.....       17%         2    ###....


Dungeon Overview and Level Annotations

Branches:
Dungeon (1/15)

Altars:


Innate Abilities, Weirdness & Mutations

You have extremely sharp teeth.
When hurt, damage is shared between your health and your magic reserves.
Your bite disrupts and absorbs the magic of your enemies.
Potions cannot restore your health.
You are immune to rotting.


Message History

Aiming: Ensorcelled Hibernation
Press: ? - help, Shift-Dir - straight line, f/p - kobold
Aim: a kobold, wielding a dagger (chance to defeat MR: 55%)
The kobold looks drowsy...
The helpless kobold fails to defend itself.
You puncture the kobold!
You kill the kobold!
Unknown command.
Casting: Ensorcelled Hibernation
Confirm with . or Enter, or press ? or * to list all spells.
Aiming: Ensorcelled Hibernation
Press: ? - help, Shift-Dir - straight line, f - kobold
Aim: a kobold, wielding a whip of freezing (chance to defeat MR: 55%)
The kobold resists with significant effort.
The kobold hits you with a whip of freezing.
* * * LOW HITPOINT WARNING * * *
The kobold freezes you.
* * * LOW HITPOINT WARNING * * *
The kobold hits you with a whip of freezing.
You die...

....#.#.###........
......#.# #........
###.###.########.## ###
##### #................
...
......####.......######''
... ......#..........#
##.## ...
.................# #...#
###
......#.##..#.#######.<.#
+
........@.........##....#
#
......#K##..#.###.#.####8
. #######r##..#.#
#.#...... ..
#.##..#.###r#######
#.##..#.........†..
#.#######.......... #.
#.#.....r.......... #.
#.#.#...#.####.....
.#####.######.#r#...#.#
#.#.#.


You could see a kobold and a rat.

Vanquished Creatures
  2 goblins (D:1)
  A hobgoblin (D:1)
  3 kobolds (D:1)
  2 bats (D:1)
  2 frilled lizards (D:1)
  2 rats (D:1)
12 creatures vanquished.

Notes
Turn   | Place    | Note
-------+----------+-------------------------------------------
     0 | D:1      | HAL9000 the Vine Stalker Enchanter began the quest for the Orb.
     0 | D:1      | Reached XP level 1. HP: 9/9 MP: 4/4
    64 | D:1      | Reached skill level 1 in Short Blades
   292 | D:1      | Reached XP level 2. HP: 11/13 MP: 3/6
   382 | D:1      | Learned a level 2 spell: Ensorcelled Hibernation
   489 | D:1      | Slain by a kobold

Vault maps used:
D:1:      saegor_arrival_simple_e

Skill      XL: |  1 |
---------------+----+-----
Short Blades   | 1 |  1.4
Dodging        | |  1.5
Stealth        | |  3.6
Spellcasting   | |  2.1
Hexes          | |  3.4

Action                   || total
-------------------------++-------
Melee: Dagger            ||    31
       Bite              ||    10
 Cast: Corona            ||     2
       Ensorcelled Hiber ||     4
  Use: Scroll            ||     1
 Stab: Sleeping          ||     1
Armor: Robe              ||    12
Dodge: Dodged            ||    12
